 Dungeon Crawl Stone Soup version 0.26-a0-651-gb41185065b (webtiles) character file.

Game seed: 1997118874187816992

3423 Irenicus the Geomancer (level 9, -6/68 HPs)
             Began as a Deep Dwarf Earth Elementalist on Oct 5, 2020.
             Was an Initiate of Makhleb.
             Mangled by a death yak (24 damage)
             ... on level 9 of the Dungeon.
             The game lasted 00:33:36 (4002 turns).

Irenicus the Geomancer (DDEE)                       Turns: 4002, Time: 00:33:37

Health: -6/68      AC:  9    Str: 12    XL:     9   Next: 76%
Magic:  13/19      EV: 11    Int: 19    God:    Makhleb [......]
Gold:   190        SH:  0    Dex: 13    Spells: 11/22 levels left

rFire    + . .     SeeInvis .   s - staff of fire {rF+}
rCold    . . .     Faith    .   (no shield)
rNeg     . . .     Spirit   .   w - +2 ring mail {MR+}
rPois    .         Reflect  .   v - +0 helmet
rElec    .         Harm     .   m - scarf {+Inv}
rCorr    .         Rampage  .   o - +0 pair of gloves
MR       ++...                  (no boots)
Stlth    +.........             a - amulet of magic regeneration
HPRegen  0.00/turn              (no ring)
MPRegen  0.41/turn              (no ring)

@: very slightly contaminated, non-regenerating
A: damage resistance, heal wounds, sense surroundings 2, screaming 1, no
regeneration
a: Heal Wounds, Renounce Religion, Evoke Invisibility


You were on level 9 of the Dungeon.
You worshipped Makhleb.
Makhleb was noncommittal.
You visited 2 branches of the dungeon, and saw 11 of its levels.

You collected 547 gold pieces.
You spent 357 gold pieces at shops.

Inventory:

Hand Weapons
 l - a +2 dagger of venom
   (You took it off a kobold on level 1 of the Dungeon)
Missiles
 b - 21 stones (quivered)
 d - 9 poisoned darts
Armour
 i - the +0 buckler of Dishonesty {*Slow MR+ Regen+}
   (You found it on level 5 of the Dungeon)

   It affects your resistance to hostile enchantments.
   It increases your rate of regeneration.
   It may slow you when you take damage.
 m - a scarf of invisibility (worn)
   (You found it on level 3 of the Dungeon)
 n - a +0 buckler
   (You found it on level 3 of the Dungeon)
 o - a +0 pair of gloves (worn)
   (You found it on level 4 of the Dungeon)
 u - a +1 leather armour of cold resistance
   (You took it off Joseph on level 8 of the Dungeon)
 v - a +0 helmet (worn)
   (You bought it in a shop on level 6 of the Dungeon)
 w - a +2 ring mail of magic resistance (worn)
   (You bought it in a shop on level 6 of the Dungeon)
Magical Staves
 s - an uncursed staff of fire (weapon) {rF+}
   (You found it on level 5 of the Dungeon)
Jewellery
 a - an amulet of magic regeneration (around neck)
   (You found it on level 1 of the Dungeon)
 t - an uncursed ring of teleportation {+/*tele, !d}
   (You found it on level 6 of the Dungeon)
Wands
 e - a wand of iceblast (5)
   (You found it on level 7 of the Dungeon)
Scrolls
 c - 2 scrolls of blinking {unknown}
 f - 4 scrolls of identify
 q - 5 scrolls of remove curse
 x - a scroll of immolation {unknown}
Potions
 h - 3 potions of haste
 k - a potion of curing
 p - 2 potions of stabbing
 r - a potion of brilliance


   Skills:
 - Level 2.1 Dodging
 - Level 2.4 Stealth
 * Level 7.1 Spellcasting
 - Level 4.0 Conjurations
 - Level 2.2 Transmutations
 - Level 12.2 Earth Magic
 + Level 4.7 Evocations


You had 11 spell levels left.
You knew the following spells:

 Your Spells              Type           Power        Failure   Level
a - Sandblast             Erth           ######       1%          1
w - Passwall              Tmut/Erth      ####....     1%          2
x - Stone Arrow           Conj/Erth      #####.       2%          3
z - Lee's Rapid Deconstr  Erth           ######....   4%          5

Your spell library contained the following spells:

 Spells                   Type           Power        Failure   Level
 Magic Dart               Conj           ###.         4%          1
 Searing Ray              Conj           ###...       6%          2
 Foxfire                  Conj/Fire      ###.         10%         1
 Petrify                  Tmut/Erth      ####....     12%         4
 Dazzling Flash           Conj/Hex       ##....       30%         3
 Inner Flame              Hex/Fire       ##......     56%         3
 Fulminant Prism          Conj/Hex       ##........   69%         4
 Iskenderun's Mystic Bla  Conj/Tloc      ##......     69%         4
 Freezing Cloud           Conj/Ice/Air   ##........   100%        6
 Starburst                Conj/Fire      ###.......   100%        6


Dungeon Overview and Level Annotations

Branches:
Dungeon (10/15)            Temple (1/1) D:7             Orc (0/2) D:10
   Lair: D:8-11

Altars:
Ashenzari
Cheibriados
Dithmenos
Elyvilon
Fedhas
Gozag
Hepliaklqana
Kikubaaqudgha
Makhleb
Nemelex Xobeh
Okawaru
Qazlal
Ru
Sif Muna
Trog
Uskayaw
Vehumet
Wu Jian
Xom
Yredelemnul
Zin
The Shining One

Shops:
D:4 *   D:6 [

Annotations:
D:1 omg
D:5 nice stuff need relec
D:9 exclusion: upstairs, Erica


Innate Abilities, Weirdness & Mutations

You are resistant to damage.
You can heal yourself by infusing magical energy.
You passively map the area around you.
You do not regenerate.
You occasionally shout uncontrollably at your foes.


Message History

You now have 17/19 mp.
Casting: Stone Arrow (dangerous; 2% risk of failure)
Confirm with . or Enter, or press ? or * to list all spells.
Aiming: Sandblast (safe; 1% risk of failure)
Press: ? - help, Shift-Dir - straight line, f - orc zombie, p - orc wizard
Aim: an orc zombie The blast of sand hits the orc zombie!!
You destroy the orc zombie!
Makhleb accepts your kill.
b - 23 stones You now have 16/19 mp.
Casting: Sandblast (safe; 1% risk of failure)
Confirm with . or Enter, or press ? or * to list all spells.
Aiming: Sandblast (safe; 1% risk of failure)
Press: ? - help, Shift-Dir - straight line, f - orc wizard
Aim: an orc wizard, wielding a +0 dagger and wearing a +0 robe The blast of sand hits the orc wizard!
You kill the orc wizard!
Makhleb accepts your kill.
b - 22 stones
Casting: Sandblast (safe; 1% risk of failure)
Confirm with . or Enter, or press ? or * to list all spells.
Aiming: Sandblast (safe; 1% risk of failure)
Press: ? - help, Shift-Dir - straight line, f - orc skeleton
Aim: an orc skeleton The blast of sand hits the orc skeleton!!
You destroy the orc skeleton!
Makhleb accepts your kill.
b - 21 stones You now have 15/19 mp.
You flicker back into view.
Found an escape hatch in the ceiling.
The troll shouts!
MP restored: 19
f - 4 scrolls of identify (gained 1)
Casting: Sandblast (safe; 1% risk of failure)
Confirm with . or Enter, or press ? or * to list all spells.
Press: ? - help, Dir - move target cursor A rock wall.
You begin to meditate on the wall.
You continue meditating on the rock. x2
You finish merging with the rock.
Found 10 gold pieces, a paperback book, a potion of curing and 3 javelins.
Found two stone staircases leading up.
A wyvern skeleton comes into view.
You now have 18/19 mp.
You climb upwards.
Level annotation: exclusion: upstairs, Erica The death yak bellows!
The kobold shouts! x2
You shout at the kobold!
A hound, 2 kobolds and a big kobold come into view.
A kobold is wielding a +1 short sword of holy wrath.
You shout at the kobold!
The kobold shouts!
The big kobold shouts!
The kobold shouts!
You hear a bellow!
The hound bites you. The kobold hits you but does no damage.
A death yak comes into view.
The hound misses you.
The death yak bellows!
You hear a bellow!
There is a stone staircase leading down here.
MP restored: 19 You hear an angry buzzing noise.
The hound bites you. The hound closely misses you.
Okay, then.
Casting: Passwall (safe; 1% risk of failure)
Confirm with . or Enter, or press ? or * to list all spells.
Aiming: Stone Arrow (dangerous; 2% risk of failure)
Press: ? - help, Shift-Dir - straight line, f - hound
Aim: a hound The stone arrow hits the hound!
The hound is severely wounded.
The hound bites you but does no damage. x2
You now have 16/19 mp.
Casting: Stone Arrow (dangerous; 2% risk of failure)
Confirm with . or Enter, or press ? or * to list all spells.
Aiming: Stone Arrow (dangerous; 2% risk of failure)
Press: ? - help, Shift-Dir - straight line, f/p - hound
Aim: a hound (severely wounded)
The stone arrow misses the hound.
The stone arrow hits the kobold!
You kill the kobold!
Makhleb accepts your kill.
You now have 14/19 mp.
A killer bee comes into view. x4
You shout at the killer bee!
A killer bee comes into view.
The killer bee buzzes angrily. x3; You hear a bellow!
You hear a shout!
You hear a bark!
You hear a shout!
A killer bee comes into view.
You shout at the killer bee!
The killer bee buzzes angrily.
Okay, then.
Okay, then.
Casting: Stone Arrow (dangerous; 2% risk of failure)
Confirm with . or Enter, or press ? or * to list all spells.
Press: ? - help, Dir - move target cursor A rock wall.
The killer bee buzzes angrily.
The killer bee barely misses you. The killer bee stings you.
* * * LOW HITPOINT WARNING * * *
The death yak gores you!!
You die...

,, , * **#*
#....(...# #.
#........# .,
...#........#
*..,.......>....#
, ,
#.....#Y...K...#
, ....,
#..hKK...# ,
..h.. ####.#####
,,Y.y..y####.# ,
, , ...y.yy@Y..#
, , .....y######
, ............ ,
, , ......#....
** ,, ... ./#...
, , .#,
#.#..##### *
..#.##.#......# *
** ,,
......#......# ,
#..#.........#


You could see 2 death yaks, a hound and 6 killer bees.

Vanquished Creatures
  Joseph (D:8)
  A hippogriff (D:7)
  A wyvern (D:8)
  A steam dragon (D:8)
  2 ice beasts
  An orc warrior (D:7)
  3 phantoms
  A black bear (D:5)
  3 ogres
  2 centaurs (D:10)
  3 bullfrogs
  A scorpion (D:6)
  A howler monkey (D:5)
  8 wights
  6 electric eels (D:5)
  A bullfrog zombie (D:6)
  An orc priest (D:7)
  2 jellies
  2 orc wizards
  A centaur skeleton (D:10)
  3 hounds (D:5)
  Jessica (D:2)
  5 worker ants
  Natasha (D:2)
  A killer bee zombie (D:6)
  A hound zombie (D:6)
  A worker ant zombie (D:5)
  7 gnolls
  5 adders
  4 shadow imps
  2 white imps
  An adder zombie (D:6)
  3 worms
  2 dart slugs (D:1)
  5 leopard geckos
  7 orcs
  8 giant cockroaches
  3 hobgoblins
  12 jackals
  5 quokkas
  3 ball pythons
  8 bats
  5 frilled lizards
  6 goblins
  13 kobolds
  An orc skeleton (D:10)
  An orc zombie (D:10)
  11 rats
167 creatures vanquished.

Vanquished Creatures (others)
  An orc wizard (D:10)
  A plant (D:5)
2 creatures vanquished.

Grand Total: 169 creatures vanquished

Notes
Turn   | Place    | Note
-------+----------+-------------------------------------------
     0 | D:1      | Irenicus the Deep Dwarf Earth Elementalist began the quest
                  | for the Orb.
     0 | D:1      | Reached XP level 1. HP: 15/15 MP: 3/3
   168 | D:1      | Reached XP level 2. HP: 22/22 MP: 1/4
   216 | D:1      | Reached skill level 5 in Earth Magic
   295 | D:1      | Learned a level 2 spell: Passwall
   530 | D:2      | Reached XP level 3. HP: 28/28 MP: 3/5
   581 | D:2      | Noticed a bullfrog
   587 | D:2      | Killed a bullfrog
   587 | D:2      | Reached skill level 7 in Earth Magic
   587 | D:2      | Reached XP level 4. HP: 27/36 MP: 2/6
   660 | D:2      | Noticed Natasha
   671 | D:2      | Killed Natasha
   735 | D:2      | Learned a level 3 spell: Stone Arrow
   748 | D:2      | Noticed Jessica
   756 | D:2      | Killed Jessica
   756 | D:2      | Reached XP level 5. HP: 24/42 MP: 5/7
   861 | D:3      | Reached skill level 8 in Earth Magic
  1257 | D:4      | Found Fem Rano's Assorted Antiques.
  1275 | D:4      | Reached skill level 1 in Conjurations
  1366 | D:4      | Reached XP level 6. HP: 25/49 MP: 6/8
  1595 | D:4      | Reached skill level 2 in Conjurations
  1595 | D:4      | Reached skill level 9 in Earth Magic
  1826 | D:5      | Entered Level 5 of the Dungeon
  1841 | D:5      | Reached skill level 10 in Earth Magic
  1841 | D:5      | Reached XP level 7. HP: 18/55 MP: 1/9
  1930 | D:5      | HP: 6/55 [shadow imp/nerve-wracking pain (12)]
  1967 | D:5      | Reached skill level 2 in Evocations
  2038 | D:5      | Reached skill level 3 in Evocations
  2052 | D:5      | Reached skill level 1 in Transmutations
  2052 | D:5      | Reached skill level 11 in Earth Magic
  2204 | D:5      | Reached skill level 2 in Transmutations
  2204 | D:5      | Reached XP level 8. HP: 37/62 MP: 5/10
  2415 | D:6      | Reached skill level 2 in Spellcasting
  2466 | D:6      | Reached skill level 3 in Spellcasting
  2643 | D:6      | HP: 15/62 [wight/+0 hand axe (3)]
  2645 | D:6      | Reached skill level 4 in Spellcasting
  2678 | D:6      | Learned a level 5 spell: Lee's Rapid Deconstruction
  2686 | D:6      | HP: 14/62 [wight/+2 halberd (1)]
  2751 | D:6      | Found Huodd's Armour Shop.
  2756 | D:6      | Bought a +0 helmet for 63 gold pieces
  2756 | D:6      | Bought a +2 ring mail of magic resistance for 294 gold
                  | pieces
  2965 | D:7      | Found a staircase to the Ecumenical Temple.
  2977 | Temple   | Entered the Ecumenical Temple
  3018 | Temple   | Became a worshipper of Makhleb the Destroyer
  3077 | D:7      | Found an ornate altar of the Wu Jian Council.
  3187 | D:7      | Reached skill level 3 in Conjurations
  3259 | D:7      | Noticed a hippogriff
  3265 | D:7      | Killed a hippogriff
  3265 | D:7      | Reached skill level 12 in Earth Magic
  3265 | D:7      | Gained mutation: You passively map the area around you.
                  | [Deep Dwarf growth]
  3265 | D:7      | Reached XP level 9. HP: 29/68 MP: 6/16
  3381 | D:5      | Got a translucent buckler
  3387 | D:5      | Identified the +0 buckler of Dishonesty {*Slow MR+ Regen+}
                  | (You found it on level 5 of the Dungeon)
  3392 | D:5      | Identified Sif Muna's Papyrus of Igneous Confrontation
  3418 | D:5      | Reached skill level 5 in Spellcasting
  3512 | D:8      | Reached skill level 4 in Conjurations
  3595 | D:8      | Noticed Joseph
  3603 | D:8      | HP: 12/68 [Joseph/sling bullet (6)]
  3604 | D:8      | Killed Joseph
  3604 | D:8      | Reached skill level 6 in Spellcasting
  3704 | D:8      | Reached skill level 4 in Evocations
  3763 | D:8      | Found a stormy altar of Qazlal.
  3862 | D:8      | Noticed a two-headed ogre
  3899 | D:8      | HP: 17/68 [two-headed ogre/+0 giant club (19)]
  3917 | D:9      | Noticed Erica
  3935 | D:10     | Entered Level 10 of the Dungeon
  3942 | D:10     | Noticed a troll
  3943 | D:10     | Reached skill level 7 in Spellcasting
  3967 | D:10     | Gained mutation: You occasionally shout uncontrollably at
                  | your foes. [mutagenic glow]
  3992 | D:9      | Noticed a death yak
  3992 | D:9      | Noticed a death yak
  4002 | D:9      | Noticed a death yak
  4002 | D:9      | Mangled by a death yak

Illustrated notes

Levels and vault maps discovered:
D:1:      dpeg_arrival_short_road, layout_basic
D:2:      layout_rooms, uniq_jessica, uniq_natasha
D:3:      layout_loops_ring
D:4:      layout_loops_corners, serial_shops, nicolae_shop_overgrown_old_shop
D:5:      cheibrodos_two_vegetables, layout_basic
D:6:      layout_loops_cross, serial_shops, kennysheep_little_box,
          hangedman_decor_clover_reticule
D:7:      layout_basic, minmay_temple_entry_statues_fountains, basic_altar,
          hangedman_decor_peaks_small
D:8:      layout_loops_corners, nicolae_qazlal_style_of_elements, serial_shops,
          nicolae_shop_waterfront, minmay_fractal_squares_5, uniq_joseph
D:9:      layout_basic, dpeg_lair_monsters, uniq_erica
D:10:     layout_cave_pools, zombieorc2_lemuel, uniq_grum
Temple:   kilobyte_greek_temple

Skill      XL: |  1  2  3  4  5  6  7  8  9 |
---------------+----------------------------+-----
Earth Magic    | 5 7 8 10 11 12 | 12.2
Conjurations   | 1 2 3 4 |  4.0
Evocations     | 3 4 |  4.7
Transmutations | 2 |  2.2
Spellcasting   | 4 7 |  7.1
Dodging        | |  2.1
Stealth        | |  2.4

Action                   |  1- 3 |  4- 6 |  7- 9 || total
-------------------------+-------+-------+-------++-------
Melee: Whip              |     3 |       |       ||     3
       Dagger            |       |    12 |    17 ||    29
Throw: Dart              |     1 |     1 |       ||     2
 Cast: Sandblast         |    45 |    68 |    87 ||   200
       Passwall          |     1 |    10 |    22 ||    33
       Stone Arrow       |       |     4 |    55 ||    59
       Lee's Rapid Decon |       |       |     4 ||     4
 Abil: Evoke Invisibilit |       |       |    11 ||    11
Evoke: Wand              |       |       |     2 ||     2
  Use: Scroll            |       |     3 |    10 ||    13
       Potion            |       |       |     7 ||     7
 Stab: Sleeping          |       |     2 |     1 ||     3
       Invisible         |       |       |     2 ||     2
Armor: Robe              |     4 |       |       ||     4
       Ring mail         |     6 |     9 |    30 ||    45
Dodge: Dodged            |    13 |    37 |    34 ||    84

Table legend: (Time is in decaauts)
 A = Elapsed time spent in this place.
 B = Non-inter-level travel time spent in this place.
 C = Inter-level travel time spent in this place.
 D = Time resting spent in this place.
 E = Time spent auto-exploring this place.
 F = Levels seen in this place.
 G = Mean time per level.
                   A        B        C        D        E       F      G
               +--------+--------+--------+--------+--------+-----+--------+
         Total |   4010 |   3967 |     43 |      0 |      0 |  11 |  364.5 |
       Dungeon |   3928 |   3910 |     18 |      0 |      0 |  10 |  392.8 |
        Temple |     81 |     56 |     25 |      0 |      0 |   1 |   81.0 |
               +--------+--------+--------+--------+--------+-----+--------+

Top non-repeatable levels by time:
     D:6: 637 daAuts
     D:4: 586 daAuts
     D:5: 584 daAuts
     D:1: 483 daAuts
     D:3: 454 daAuts
     D:8: 416 daAuts
     D:7: 377 daAuts
     D:2: 298 daAuts
  Temple: 81 daAuts
    D:10: 56 daAuts
     D:9: 31 daAuts

Table legend:
 A = Kills in this place as a percentage of kills in entire the game.
 B = Kills by you in this place as a percentage of kills by you in the entire game.
 C = Kills by friends in this place as a percentage of kills by friends in the entire game.
 D = Other kills in this place as a percentage of other kills in the entire game.
 E = Experience gained in this place as a percentage of experience gained in the entire game.
 F = Experience gained in this place divided by the number of levels of this place that you have seen.
                   A       B       C       D       E      F
               +-------+-------+-------+-------+-------+----------------------
         Total | 100.0 | 100.0 |   N/A | 100.0 | 100.0 | 444.6
       Dungeon | 100.0 | 100.0 |   N/A | 100.0 | 100.0 | 489.1
               +-------+-------+-------+-------+-------+----------------------
